 Dungeon Crawl Stone Soup version 0.28-a0-1524-ge72afd5fc6 (webtiles) character file.

Game seed: 13195300638559974784

4 murtidash the Magician (level 1, 0/15 HPs)
             Began as a Djinni Ice Elementalist on Jan 17, 2022.
             Slain by a jackal (3 damage)
             ... on level 1 of the Dungeon.
             The game lasted 00:00:23 (55 turns).

murtidash the Magician (Djinni Ice Elementalist)      Turns: 55, Time: 00:00:23

Health: 0/15       AC:  2    Str:  7    XL:     1   Next: 77%
Gold:   0          EV: 12    Int: 16    God:
                   SH:  0    Dex: 13

rFire   + + .      SeeInvis .   b - +0 short sword
rCold   x . .      Faith    .   (no shield)
rNeg    . . .      Spirit   .   a - +0 robe
rPois   ∞          Reflect  .   (no helmet)
rElec   .          Harm     .   (no cloak)
rCorr   .          Rampage  .   (no gloves)
Will    .....                   (boots unavailable)
Stlth   ++........              (no amulet)
HPRegen 0.05/turn               (no ring)
MPRegen 0.00/turn               (no ring)

@: flying
A: sickness immunity, fire resistance 2, cold vulnerability 1, float, innate
caster, hp casting, extra vitality 1
a: no special abilities


You were on level 1 of the Dungeon.
You visited 1 branch of the dungeon, and saw 1 of its levels.

Inventory:

Hand Weapons
 b - a +0 short sword (weapon)
   (You found it on level 1 of the Dungeon)
Armour
 a - a +0 robe (worn)


   Skills:
 - Level 2.1 Dodging
 - Level 1.5 Stealth
 + Level 3.4 Spellcasting


You couldn't memorise any spells.
You knew the following spells:

 Your Spells              Type           Power      Damage    Failure   Level
a - Frozen Ramparts       Ice            26%        1d4       13%         3
A - Ozocubu's Armour      Ice            13%        N/A       13%         3
X - Hailstorm             Conj/Ice       13%        3d5       38%         4
Z - Freeze                Ice            52%        1d7       4%          1
Your spell library was empty.

Dungeon Overview and Level Annotations

Branches:
Dungeon (1/15)

Altars:


Innate Abilities, Weirdness & Mutations

You are immune to sickness and miasma.
You are immune to poison.
Your flesh is very heat resistant. (rF++)
You are vulnerable to cold. (rC-)
You float through the air rather than walking.
You learn spells naturally, not from books.
Your magical power is your life essence.
You have superior vitality. (+4 MHP)


Message History

Welcome, murtidash the Djinni Ice Elementalist.
It is said that the Orb of Zot exists deep within this dungeon.
Found a short sword and a hunting sling.
Found a staircase leading out of the dungeon.
You begin with the following spells memorised: Freeze, Frozen Ramparts, Ozocubu's Armour, Hailstorm.
Lua error: attempt to yield across metamethod/C-call boundary
Found a stone staircase leading down.
There is a staircase leading out of the dungeon here.
You see here a +0 short sword.
b - a +0 short sword
b - a +0 short sword (weapon)
Found a stone staircase leading down.
A bat comes into view.
A bat is nearby!
A goblin comes into view. It is wielding a +0 dagger.
The goblin shouts!
The bat barely misses you.
A hobgoblin comes into view.
A frilled lizard comes into view.
The bat completely misses you.
A rat comes into view.
You aren't experienced enough to cast this spell.
The bat hits you.
You take 1 damage, and have 14/15 hp.
The bat barely misses you. The bat hits you.
You take 1 damage, and have 13/15 hp.
You aren't experienced enough to cast this spell.
You aren't experienced enough to cast this spell.
Adjust (i)tems, (s)pells, or (a)bilities?
Adjust which spell?
Z - Frozen Ramparts Adjust to which letter? a - Frozen Ramparts; Z - Freeze
Aim: a bat You freeze the bat.
The bat barely misses you.
You take 1 damage, and have 12/15 hp.
You can't see any susceptible monsters within range! (Use Z to cast anyway.)
The bat hits you but does no damage.
Aim: a bat You miscast Freeze.
You are very lightly contaminated with residual magic.
Nothing appears to happen.
The bat hits you but does no damage.
You take 1 damage, and have 11/15 hp.
Aim: a bat You freeze the bat.
The bat barely misses you.
You take 1 damage, and have 10/15 hp.
Aim: a bat (moderately wounded)
You freeze the bat!
You kill the bat!
You take 1 damage, and have 9/15 hp.
Aim: a goblin, wielding a +0 dagger You freeze the goblin.
You kill the goblin!
You take 1 damage, and have 8/15 hp.
You can't see any susceptible monsters within range! (Use Z to cast anyway.)
You can't see any susceptible monsters within range! (Use Z to cast anyway.)
You can't see any susceptible monsters within range! (Use Z to cast anyway.)
Aim: a hobgoblin You freeze the hobgoblin.
The hobgoblin barely misses you.
You take 1 damage, and have 7/15 hp.
Aim: a hobgoblin (severely wounded)
You freeze the hobgoblin!
You kill the hobgoblin!
The frilled lizard barely misses you.
Your magical contamination has completely faded away.
You take 1 damage, and have 6/15 hp.
Aim: a frilled lizard You freeze the frilled lizard.
The frilled lizard seems to slow down.
You take 1 damage, and have 5/15 hp.
Aim: a frilled lizard (heavily wounded, slow)
You freeze the frilled lizard.
You kill the frilled lizard!
* * * LOW HITPOINT WARNING * * *
You take 1 damage, and have 4/15 hp.
A jackal comes into view.
A jackal is nearby!
A jackal is nearby!
A jackal comes into view.
The jackal barks!
A jackal comes into view.
The jackal moves out of view.
You hit the plant.
The plant begins to die.
A nearby plant withers and dies.
The jackal bites you.
* * * LOW HITPOINT WARNING * * *
You take 1 damage, and have 4/15 hp.
Aim: a jackal You freeze the jackal.
* * * LOW HITPOINT WARNING * * *
The jackal bites you.
You die...

#.≈≈≈≈.≈≈≈≈....#.†......
#.≈≈≈≈.≈≈≈≈............#
#.≈≈≈≈.≈≈≈≈...h........#
#.≈≈≈≈.≈≈≈≈.h...........
#.≈≈≈≈.≈≈≈≈............#
#.≈≈≈≈.≈≈≈≈.......####.#
#.≈≈≈≈.≈≈≈≈.......... .#
#.P≈≈P.P≈≈..###...###
#......@h...# #...#
############# ####


You could see 3 jackals.

Vanquished Creatures
  A bat (D:1)
  A goblin (D:1)
  A hobgoblin (D:1)
  A frilled lizard (D:1)
4 creatures vanquished.

Vanquished Creatures (others)
  A plant (D:1)
1 creature vanquished.

Grand Total: 5 creatures vanquished

Notes
Turn   | Place    | Note
-------+----------+-------------------------------------------
     0 | D:1      | murtidash the Djinni Ice Elementalist began the quest for
                  | the Orb.
     0 | D:1      | Reached XP level 1. HP: 15/15 MP: 0/0
    55 | D:1      | Slain by a jackal

Illustrated notes

Levels and vault maps discovered:
D:1:      giann_bridges, layout_basic, minmay_unequal

Action                   || total
-------------------------++-------
Melee: Short sword       ||     1
 Cast: Freeze            ||     9
Armor: Robe              ||     2
Dodge: Dodged            ||     7

Table legend: (Time is in decaauts)
 A = Elapsed time spent in this place.
 B = Non-inter-level travel time spent in this place.
 C = Inter-level travel time spent in this place.
 D = Time resting spent in this place.
 E = Time spent auto-exploring this place.
 F = Levels seen in this place.
 G = Mean time per level.
                   A        B        C        D        E       F      G
               +--------+--------+--------+--------+--------+-----+--------+
         Total |     54 |     54 |      0 |      0 |     11 |   1 |   54.0 |
       Dungeon |     54 |     54 |      0 |      0 |     11 |   1 |   54.0 |
               +--------+--------+--------+--------+--------+-----+--------+

Top non-repeatable levels by time:
     D:1: 54 daAuts

Table legend:
 A = Kills in this place as a percentage of kills in entire the game.
 B = Kills by you in this place as a percentage of kills by you in the entire game.
 C = Kills by friends in this place as a percentage of kills by friends in the entire game.
 D = Other kills in this place as a percentage of other kills in the entire game.
 E = Experience gained in this place as a percentage of experience gained in the entire game.
 F = Experience gained in this place divided by the number of levels of this place that you have seen.
                   A       B       C       D       E      F
               +-------+-------+-------+-------+-------+----------------------
         Total | 100.0 | 100.0 |   N/A |   N/A | 100.0 |   7.0
       Dungeon | 100.0 | 100.0 |   N/A |   N/A | 100.0 |   7.0
               +-------+-------+-------+-------+-------+----------------------
